 Dungeon Crawl Stone Soup version 0.28.0-47-ge53b351184 (webtiles) character file.

Game seed: 11125310278082670554

707 Zeld the Changer (level 7, -2/46 HPs)
             Began as an Octopode Transmuter on May 10, 2022.
             Was an Initiate of Gozag.
             Slain by Menkaure (10 damage)
             ... on level 5 of the Dungeon on May 11, 2022.
             The game lasted 00:08:49 (6208 turns).

Zeld the Changer (Octopode Transmuter)              Turns: 6208, Time: 00:08:50

Health: -2/46      AC:  2    Str: 11    XL:     7   Next: 67%
Magic:  19/21      EV: 21    Int: 15    God:    Gozag
Gold:   160        SH:  0    Dex: 24    Spells: 3/13 levels left

rFire   . . .      SeeInvis .     - Unarmed
rCold   . . .      Faith    .   (shield currently unavailable)
rNeg    . . .      Spirit   .   (helmet currently unavailable)
rPois   x          Reflect  .   (no amulet)
rElec   .          Harm     .   e - ring of magical power
rCorr   .          Rampage  .   m - +6 ring of dexterity
Will    .....                   (no ring)
Stlth   +++.......              (no ring)
HPRegen 0.15/turn               (no ring)
MPRegen 0.17/turn               (no ring)
                                (no ring)
                                (no ring)

@: spider-form
A: venomous fangs, almost no armour, (amphibious), 8 rings, tiny, (camouflage
1), (gelatinous body 1), (nimble swimmer 1), (tentacles)
a: End Transformation, Renounce Religion, Potion Petition, Call Merchant, Bribe
Branch


You were on level 5 of the Dungeon.
You worshipped Gozag.
Gozag was aware of your devotion.
You were a venomous arachnid creature.
You visited 2 branches of the dungeon, and saw 6 of its levels.

You collected 231 gold pieces.
You paid 71 gold pieces to Gozag.

Inventory:

Jewellery
 e - a ring of magical power (left front leg)
 m - a +6 ring of dexterity (right front leg)
Scrolls
 a - a scroll of magic mapping {unknown}
 b - 2 scrolls of amnesia {unknown}
 c - 3 scrolls of identify {unknown}
 f - a scroll of torment {unknown}
 i - 2 scrolls of teleportation {unknown}
 k - a scroll of holy word {unknown}
 q - a scroll of noise {unknown}
Potions
 d - 2 potions of attraction {unknown}
 g - a potion of heal wounds {unknown}
 h - 3 potions of degeneration {unknown}
 j - a potion of flight {unknown}
 l - a potion of curing {unknown}
 n - a potion of mutation {unknown}
 o - a potion of ambrosia {unknown}
 p - a potion of might {unknown}


   Skills:
 * Level 3.4 Fighting
 + Level 3.2 Dodging
 + Level 3.3 Stealth
 + Level 3.8 Unarmed Combat
 * Level 3.7 Spellcasting
 * Level 4.0 Transmutations
 - Level 2.0 Ice Magic
 - Level 2.0 Poison Magic


You had 3 spell levels left.
You knew the following spells:

 Your Spells              Type           Power      Damage    Failure   Level
a - Beastly Appendage     Tmut           28%        N/A       12%         1
b - Wereblood             Tmut           14%        N/A       16%         2
c - Spider Form           Tmut/Pois      11%        N/A       34%         3
d - Ice Form              Ice/Tmut       11%        N/A       69%         4

Your spell library contained the following spells:

 Spells                   Type           Power      Damage    Failure   Level
 Passwall                 Tmut/Erth      6%         N/A       28%         2
 Pain                     Necr           8%         1d4       38%         1
 Sandblast                Erth           4%         2d4       38%         1
 Stone Arrow              Conj/Erth      4%         3d7       71%         3
 Agony                    Necr           2%         N/A       100%        5
 Excruciating Wounds      Necr           1%         N/A       100%        5


Dungeon Overview and Level Annotations

Branches:
Dungeon (5/15)             Temple (1/1) D:4

Altars:
Cheibriados
Dithmenos
Elyvilon
Fedhas
Gozag
Hepliaklqana
Kikubaaqudgha
Nemelex Xobeh
Okawaru
Qazlal
Ru
Sif Muna
Trog
Uskayaw
Vehumet
Wu Jian
Yredelemnul
Zin
The Shining One

Annotations:
D:4 3 runed translucent doors, croobank's ghost, weakling GnDe
D:5 Menkaure


Innate Abilities, Weirdness & Mutations

You are a venomous arachnid creature.
You have poisonous fangs.
You are tiny and dextrous.
Your spellcasting is less reliable in this form.
Your armour is entirely melded.
You are incapable of wielding weapons or throwing items.
You cannot wear most types of armour.
((You are amphibious.))
You can wear up to eight rings at the same time.
((Your skin changes colour to match your surroundings (Stealth+).))
((Your rubbery body absorbs attacks. (AC +1, EV +1)))
((You are camouflaged when in or above water. (Stealth+)))
((You have tentacles for arms and can constrict up to eight enemies at once.))


Message History

Casting: Beastly Appendage (safe; 3% risk of failure)
Confirm with . or Enter, or press ? or * to list all spells.
You turn into a venomous arachnid creature.
Menkaure shouts!
You hit Menkaure but do no damage.
Menkaure calls on the powers of darkness!
Your body is wracked with pain!
You hit Menkaure.
Menkaure is lightly damaged.
Menkaure completely misses you.
You hit Menkaure but do no damage.
Menkaure is lightly damaged.
You hit Menkaure.
Menkaure is lightly damaged.
Menkaure calls on the powers of darkness!
Your body is wracked with pain!
You are too injured to fight recklessly!
You are too injured to fight recklessly!
You hit Menkaure.
Menkaure is moderately damaged.
Menkaure closely misses you.
Unknown command.
You completely miss Menkaure.
Menkaure is moderately damaged.
Menkaure calls on the powers of darkness!
Your body is wracked with pain!
* * * LOW HITPOINT WARNING * * *
Unknown command.
You hit Menkaure but do no damage.
Menkaure is moderately damaged.
Unknown command.
You hit Menkaure.
Menkaure is moderately damaged.
Menkaure misses you.
Unknown command.
You hit Menkaure.
Menkaure is heavily damaged.
Menkaure hits you!
You die...
Your body crumbles into a pile of gold.

#....<..........####.#
#....###..##..........#
..... ##.............#8.8
......#######........####.#
.#. ..........##.#..#####.#
# ..........##.......##.##
$ ..........###..###.#8.8
......M...###########.#
.......s..##8##8##8##.##
..........'...).........
........(.##8##8##8##.##
..........###########.#
........... 8.8
............ #.##
#######...... #.# #.#$..[.
8.8 ####..... #.#


You could see Menkaure.

Vanquished Creatures
  A necrophage (D:4)
  An ogre (D:2)
  3 lemures (D:5)
  Blork the orc (D:4)
  A scorpion (D:5)
  2 water moccasin skeletons
  A hound (D:4)
  An orc priest (D:3)
  Crazy Yiuf (D:3)
  A centaur skeleton (D:5)
  An iguana (D:4)
  A hound skeleton (D:4)
  7 adders
  A shadow imp (D:5)
  2 worms
  6 orcs
  5 ball pythons
  10 endoplasms
  4 giant cockroaches
  6 goblins
  6 hobgoblins
  4 jackals (D:2)
  7 quokkas
  2 bats
  2 frilled lizards
  9 kobolds
  8 rats
94 creatures vanquished.

Notes
Turn   | Place    | Note
-------+----------+-------------------------------------------
     0 | D:1      | Zeld the Octopode Transmuter began the quest for the Orb.
     0 | D:1      | Reached XP level 1. HP: 13/13 MP: 3/3
    92 | D:1      | Reached XP level 2. HP: 17/18 MP: 3/5
   102 | D:1      | Learned a level 2 spell: Wereblood
   306 | D:1      | Found a faded altar of an unknown god.
   752 | D:1      | Reached skill level 1 in Stealth
   752 | D:1      | Reached XP level 3. HP: 23/23 MP: 6/6
   756 | D:1      | Learned a level 3 spell: Spider Form
   967 | D:2      | Noticed an ogre
   976 | D:2      | Killed an ogre
   977 | D:2      | Reached skill level 1 in Poison Magic
   977 | D:2      | Reached XP level 4. HP: 13/29 MP: 7/7
  1202 | D:2      | Reached XP level 5. HP: 34/34 MP: 9/9
  1357 | D:2      | Reached skill level 1 in Ice Magic
  2438 | D:3      | Reached skill level 3 in Transmutations
  2746 | D:3      | Found a runed translucent door.
  2747 | D:3      | Noticed Crazy Yiuf
  3116 | D:3      | Killed Crazy Yiuf
  3117 | D:3      | Reached XP level 6. HP: 41/41 MP: 10/10
  3129 | D:3      | Learned a level 4 spell: Ice Form
  3151 | D:4      | Noticed a necrophage
  3340 | D:4      | Killed a necrophage
  3849 | D:4      | Noticed Blork the orc
  3862 | D:4      | Killed Blork the orc
  3863 | D:4      | Reached XP level 7. HP: 24/45 MP: 11/12
  4028 | D:4      | Found an ornate altar of the Wu Jian Council.
  4345 | D:4      | Found a staircase to the Ecumenical Temple.
  4453 | D:4      | Found a runed translucent gate.
  4453 | D:4      | Found a runed translucent gate.
  4453 | D:4      | Found a runed translucent gate.
  4453 | D:4      | Found an opulent altar of Gozag.
  4506 | Temple   | Entered the Ecumenical Temple
  4562 | Temple   | Became a worshipper of Gozag Ym Sagoz the Greedy
  4708 | D:4      | Noticed a wyvern
  4711 | D:4      | Noticed croobank's ghost (weakling GnDe)
  5190 | D:4      | Identified the +5 hand axe of Dadax {pain, Dex+4}
  5541 | D:5      | Entered Level 5 of the Dungeon
  5924 | D:5      | Noticed Pikel
  5942 | D:4      | Reached skill level 4 in Transmutations
  6195 | D:5      | Noticed Menkaure
  6208 | D:5      | Slain by Menkaure

Illustrated notes

Levels and vault maps discovered:
D:1:      shiori_arrival_maze, layout_rooms, hellmonk_ecumenical_altar_run_dry
D:2:      layout_loops_ring, kennysheep_cross_bottleneck
D:3:      layout_basic, uniq_crazy_yiuf_cottage
D:4:      layout_loops_corners, old_standard_altar,
          minmay_temple_entry_nine_rooms, ebering_ghost_gozag,
          roderic_serpentine_path, uniq_blork_the_orc
D:5:      layout_rooms, dk_noncrumbling_2, nrook_mini_backslash, minmay_holes,
          uniq_menkaure, uniq_pikel
Temple:   mainiacjoe_temple_coin_purse

Skill      XL: |  1  2  3  4  5  6  7 |
---------------+----------------------+-----
Stealth        | 1 2 3 |  3.3
Fighting       | 2 3 |  3.4
Poison Magic   | 1 2 |  2.0
Ice Magic      | 1 2 |  2.0
Transmutations | 3 4 |  4.0
Spellcasting   | 3 |  3.7
Dodging        | 3 |  3.2
Unarmed Combat | |  3.8

Action                   |  1- 3 |  4- 6 |  7- 9 || total
-------------------------+-------+-------+-------++-------
Melee: Unarmed           |    56 |   115 |    74 ||   245
       Constrict         |    16 |    29 |     8 ||    53
       Tentacles         |    11 |    24 |    13 ||    48
       Kick              |    11 |    23 |     9 ||    43
       Punch             |     1 |     3 |     3 ||     7
 Cast: Beastly Appendage |    16 |    28 |    11 ||    55
       Spider Form       |     1 |     4 |     4 ||     9
 Stab: Sleeping          |     5 |     9 |     4 ||    18
Armor: Skin              |     3 |     7 |     4 ||    14
Dodge: Dodged            |    28 |    70 |    53 ||   151
